[Event "Titled Tuesday Blitz May 30 Late 2023"]
[White "Hambleton, Aman"]
[Black "Talbi, Chafik"]
[WhiteFideId "2606577"]
[BlackFideId "7903715"]
[WhiteElo "2511"]
[BlackElo "2186"]
[Result "1-0"]
[Round "03"]
[TimeControl "180+2"]
[Date "2023.05.31"]
[WhiteClock "0:00:04"]
[BlackClock "0:00:01"]

1. d4 c6 2. c4 d5 3. Nc3 Nf6 4. e3 e6 5. Nf3 a6 6. b3 Bb4 7. Bd2 O-O 8. Bd3 dxc4 9. Bxc4 b5 10. Be2 Qe7 11. O-O Nbd7 12. Qc2 Bb7 13. Ne4 Nxe4 14. Bxb4 Qxb4 15. Qxe4 Nf6 16. Qc2 Rac8 17. a3 Qd6 18. b4 a5 19. Rab1 axb4 20. axb4 Ra8 21. Bd1 Ra3 22. Qb2 Rfa8 23. Bb3 Qxb4 24. Rfc1 c5 25. dxc5 Be4 26. Bc2 Qxb2 27. Rxb2 Rc3 28. Ne1 Rxc5 29. Rcb1 Bxc2 30. Nxc2 Rb8 31. Nd4 b4 32. Kf1 Nd5 33. g3 g6 34. h4 h5 35. Kg2 Rc3 36. e4 Nf6 37. Rxb4 Rxb4 38. Rxb4 Nxe4 39. Nxe6 fxe6 40. Rxe4 Rc6 41. Rb4 Kf7 42. Kf3 Kf6 43. Rb3 Rc5 44. Rb4 Rc6 45. Ke4 Rc5 46. Ke3 Rc3+ 47. Kd2 Ra3 48. Ke2 Rc3 49. Rf4+ Ke7 50. Re4 Kf6 51. Rf4+ Ke7 52. Ra4 Kf6 53. Ra8 Rc2+ 54. Ke3 Rc3+ 55. Ke4 Rc5 56. Rf8+ Ke7 57. Rg8 Kf7 58. Rh8 Ra5 59. Rh7+ Kf6 60. Rb7 Ra4+ 61. Kf3 Ra3+ 62. Kg2 Ra2 63. Rb5 Ra3 64. Rb4 Ra2 65. Rb3 Ra4 66. Rf3+ Ke7 67. Re3 Kf6 68. Kf3 Ra5 69. Re4 Ra3+ 70. Kf4 Ra5 71. Rb4 Rf5+ 72. Ke3 Re5+ 73. Kf3 Ra5 74. Rc4 Ra3+ 75. Ke4 Ra5 76. f3 Ra3 77. g4 hxg4 78. fxg4 Rh3 79. g5+ Ke7 80. Rc7+ Kd6 81. Rg7 Rxh4+ 82. Kf3 Ke5 83. Kg3 1-0


[Site "https://www.chess.com"]

[Event "Titled Tuesday Blitz May 30 Late 2023"]
[White "Tejedor Fuente, Enrique"]
[Black "Atanasov, Radislav"]
[WhiteFideId "2299100"]
[BlackFideId "2901471"]
[WhiteElo "2496"]
[BlackElo "2077"]
[Result "1-0"]
[Round "03"]
[TimeControl "180+2"]
[Date "2023.05.31"]
[WhiteClock "0:02:30"]
[BlackClock "0:01:42"]

1. d4 Nf6 2. Nf3 c5 3. d5 b5 4. a4 b4 5. c4 bxc3 6. Nxc3 g6 7. e4 d6 8. e5 dxe5 9. Nxe5 Bb7 10. Bb5+ Nbd7 11. Nc6 Qc7 12. O-O a6 13. Re1 axb5 14. Nxb5 Qb8 15. Nxb8 1-0


[Site "https://www.chess.com"]

[Event "Titled Tuesday Blitz May 30 Late 2023"]
[White "KSho99"]
[Black "Schmakel, Sam"]
[BlackFideId "2039311"]
[WhiteElo "2211"]
[BlackElo "2356"]
[Result "0-1"]
[Round "03"]
[TimeControl "180+2"]
[Date "2023.05.31"]
[WhiteClock "0:00:03"]
[BlackClock "0:01:02"]

1. Nf3 d5 2. e3 c5 3. b3 e6 4. Bb2 Nc6 5. d4 cxd4 6. exd4 Bd6 7. Bd3 Nge7 8. a3 Ng6 9. O-O Nf4 10. Bb5 Qb6 11. a4 a6 12. Bxc6+ Qxc6 13. Ne5 Qc7 14. Nd2 O-O 15. Ndf3 f6 16. Nd3 Bd7 17. Re1 Rac8 18. Nxf4 Bxf4 19. Re2 Rfe8 20. Qd3 b5 21. a5 Qd6 22. g3 Bh6 23. Qd1 b4 24. Bc1 Bb5 25. Re1 Bxc1 26. Rxc1 Qc7 27. Qd2 Qc3 28. Qxc3 Rxc3 29. Re3 Rec8 30. Rxe6 Rxf3 0-1


[Site "https://www.chess.com"]

[Event "Titled Tuesday Blitz May 30 Late 2023"]
[White "Pranav, V"]
[Black "Haydon, David L"]
[WhiteFideId "25060783"]
[BlackFideId "415405"]
[WhiteElo "2515"]
[BlackElo "2326"]
[Result "1-0"]
[Round "03"]
[TimeControl "180+2"]
[Date "2023.05.31"]
[WhiteClock "0:00:17"]
[BlackClock "0:01:23"]

1. e4 c6 2. Nf3 d5 3. Nc3 Bg4 4. h3 Bxf3 5. Qxf3 e6 6. d3 Nf6 7. Bd2 Bd6 8. g4 h6 9. O-O-O Nbd7 10. Qg2 Qc7 11. Kb1 a6 12. h4 O-O-O 13. Be2 g6 14. g5 Nh5 15. Bxh5 gxh5 16. Qf3 Ne5 17. Qh3 Ng4 18. Rhf1 Bf4 19. f3 Bxd2 20. Rxd2 Ne3 21. Rg1 Rdg8 22. Rf2 hxg5 23. hxg5 dxe4 24. fxe4 Ng4 25. Rfg2 Rxg5 26. Rxg4 Rxg4 27. Rxg4 hxg4 28. Qxh8+ Kd7 29. Ne2 Qb6 30. Qf6 Ke8 31. Qh8+ Kd7 32. Qd4+ Qxd4 33. Nxd4 Kd6 34. Kc1 Ke5 35. Ne2 f5 36. Kd2 f4 37. Ke1 c5 38. b3 b5 39. Kf2 c4 40. bxc4 bxc4 41. dxc4 Kxe4 42. c5 Kd5 43. Nxf4+ Kxc5 44. Nxe6+ Kc4 45. Ke2 Kc3 46. Kd1 g3 47. Nf4 a5 48. Ne2+ Kb2 49. c4 g2 50. c5 Kxa2 51. c6 a4 52. c7 a3 53. c8=Q g1=Q+ 54. Nxg1 Ka1 55. Qc1+ Ka2 56. Qc2+ Ka1 57. Kc1 a2 58. Qb2# 1-0


[Site "https://www.chess.com"]

[Event "Titled Tuesday Blitz May 30 Late 2023"]
[White "Zakhartsov, Vladimir"]
[Black "Gubajdullin, Alexei"]
[WhiteFideId "4145097"]
[BlackFideId "4141202"]
[WhiteElo "2495"]
[BlackElo "2279"]
[Result "1-0"]
[Round "03"]
[TimeControl "180+2"]
[Date "2023.05.31"]
[WhiteClock "0:00:17"]
[BlackClock "0:00:02"]

1. e4 g6 2. d4 Bg7 3. c3 d6 4. Nf3 Nf6 5. Bd3 O-O 6. h3 Nc6 7. O-O e5 8. dxe5 Nxe5 9. Nxe5 dxe5 10. a4 Nh5 11. Na3 Qf6 12. Bc2 Nf4 13. Qf3 Nxh3+ 14. Kh2 Qxf3 15. gxf3 Nf4 16. Be3 a6 17. Nc4 Rd8 18. Na5 Kf8 19. b4 Ke8 20. b5 axb5 21. axb5 Ne6 22. b6 cxb6 23. Bxb6 Rd2 24. Bb3 Bf6 25. Nc4 Rxa1 26. Rxa1 Rd8 27. Bxd8 Kxd8 28. Nd6 Kc7 29. Nxc8 Kxc8 30. Bxe6+ fxe6 31. Ra8+ Kc7 32. Rf8 Bg5 33. Rf7+ Kc6 34. Rxh7 b5 35. Kg2 Bf4 36. Kf1 Kc5 37. Rc7+ Kd6 38. Rg7 g5 39. Ke2 Kc6 40. Kd3 Kc5 41. Rg6 Kd6 42. Kc2 Kd7 43. Kb3 Kd6 44. Kb4 Bd2 45. Rg8 Be1 46. Rxg5 Bxf2 47. Kxb5 1-0


[Site "https://www.chess.com"]

[Event "Titled Tuesday Blitz May 30 Late 2023"]
[White "Bazeev, German"]
[Black "Nasir, Zehn"]
[WhiteFideId "24119350"]
[BlackFideId "2613239"]
[WhiteElo "2466"]
[BlackElo "1993"]
[Result "1-0"]
[Round "03"]
[TimeControl "180+2"]
[Date "2023.05.31"]
[WhiteClock "0:00:33"]
[BlackClock "0:00:04"]

1. c4 f5 2. d4 Nf6 3. g3 e6 4. Bg2 d5 5. Nd2 Bb4 6. Nh3 O-O 7. O-O Nc6 8. cxd5 exd5 9. Nf3 Ne4 10. Nf4 Kh8 11. Nd3 Bd6 12. Bf4 Be6 13. Bxd6 Qxd6 14. Rc1 Bf7 15. Nde5 Be8 16. Nxc6 Bxc6 17. Ne5 Be8 18. Bxe4 fxe4 19. f4 exf3 20. exf3 Bb5 21. Rf2 Rae8 22. Qd2 b6 23. Re1 c5 24. Qe3 Kg8 25. Kg2 Re6 26. Rd2 Rfe8 27. f4 Ba6 28. Rc1 cxd4 29. Qxd4 g5 30. Rc6 Qd8 31. Rxe6 Rxe6 32. f5 Rf6 33. Ng4 Rd6 34. f6 Bc8 35. Nh6+ Kf8 36. Rf2 Qd7 37. g4 Qe6 38. Nf5 Qe4+ 39. Qxe4 dxe4 40. Nxd6 1-0


[Site "https://www.chess.com"]

[Event "Titled Tuesday Blitz May 30 Late 2023"]
[White "Ezat, Mohamed"]
[Black "Meshkovs, Nikita"]
[WhiteFideId "10600906"]
[BlackFideId "11602740"]
[WhiteElo "2386"]
[BlackElo "2537"]
[Result "1-0"]
[Round "03"]
[TimeControl "180+2"]
[Date "2023.05.31"]
[WhiteClock "0:00:28"]
[BlackClock "0:00:02"]

1. d4 Nf6 2. c4 g6 3. Nc3 Bg7 4. e4 O-O 5. Be2 d6 6. Bg5 Nbd7 7. Qd2 e5 8. d5 a5 9. g4 Nc5 10. f3 c6 11. h4 a4 12. h5 cxd5 13. cxd5 Qa5 14. Nh3 a3 15. b3 Bd7 16. Nd1 Qxd2+ 17. Bxd2 Rfc8 18. Nhf2 Ne8 19. Ne3 Nc7 20. Nc4 Ra6 21. Nd3 Nxd3+ 22. Bxd3 Nb5 23. Ne3 Nd4 24. Kf2 Bb5 25. Bxb5 Nxb5 26. Rhc1 Rf8 27. Kg2 Bh6 28. Nc4 Bxd2 29. Nxd2 gxh5 30. gxh5 f5 31. Rc4 Nd4 32. Rc7 Rf7 33. Rac1 b5 34. Rxf7 Kxf7 35. Rc7+ Kf6 36. Rxh7 Kg5 37. exf5 Nxf5 38. Ne4+ Kh4 39. h6 Kh5 40. Rf7 Nxh6 41. Rg7 b4 42. Kh3 Nf5 43. Rg5+ Kh6 44. Rxf5 Kg7 45. Rf6 Ra8 46. Rxd6 Rh8+ 47. Kg4 Rh2 48. Rd7+ Kg6 49. Rd6+ Kg7 50. Kf5 Rxa2 51. Rd7+ Kf8 52. Ke6 Rc2 53. Rf7+ Ke8 54. Nd6+ Kd8 55. Rd7# 1-0


[Site "https://www.chess.com"]

[Event "Titled Tuesday Blitz May 30 Late 2023"]
[White "Suder, Jakub"]
[Black "Pakleza, Zbigniew"]
[WhiteFideId "1195310"]
[BlackFideId "1119290"]
[WhiteElo "2287"]
[BlackElo "2410"]
[Result "0-1"]
[Round "03"]
[TimeControl "180+2"]
[Date "2023.05.31"]
[WhiteClock "0:00:03"]
[BlackClock "0:00:01"]

1. d4 d6 2. Nf3 Bg4 3. Nbd2 Nf6 4. e4 e6 5. Bd3 Be7 6. c3 d5 7. e5 Nfd7 8. Qc2 Bh5 9. Nf1 Bg6 10. Ng3 c5 11. h4 Nc6 12. a3 Rc8 13. h5 Bxd3 14. Qxd3 h6 15. Ne2 cxd4 16. cxd4 Qb6 17. b4 a5 18. b5 Na7 19. a4 Qd8 20. Bd2 Rc4 21. O-O Bb4 22. Bxb4 Rxb4 23. Rfb1 Rxb1+ 24. Rxb1 Nb6 25. Qc3 Nxa4 26. Qa3 Nb6 27. Qxa5 Nac8 28. Rc1 Nc4 29. Qa8 Qd7 30. Nd2 O-O 31. Nxc4 dxc4 32. Qa3 Qxb5 33. Nc3 Qc6 34. Qa5 Nb6 35. Nb5 Ra8 36. Qb4 Ra4 37. Qb1 Nd5 38. Nd6 b6 39. Qe4 c3 40. Qf3 Ra7 41. Qe4 b5 42. f4 b4 43. f5 Ne7 44. Qe3 Nxf5 45. Nxf5 exf5 46. d5 Qa6 47. e6 Re7 48. Qc5 Qa7 0-1


[Site "https://www.chess.com"]

[Event "Titled Tuesday Blitz May 30 Late 2023"]
[White "Devagharan, Devina"]
[Black "Makridis, Dimitrios"]
[WhiteFideId "2061600"]
[BlackFideId "25864475"]
[WhiteElo "2429"]
[BlackElo "2277"]
[Result "0-1"]
[Round "03"]
[TimeControl "180+2"]
[Date "2023.05.31"]
[WhiteClock "0:00:36"]
[BlackClock "0:01:06"]

1. d4 g6 2. c4 Nf6 3. Nc3 d5 4. cxd5 Nxd5 5. e4 Nxc3 6. bxc3 Bg7 7. Nf3 c5 8. Be2 O-O 9. O-O Nc6 10. Be3 b6 11. d5 Ne5 12. Nxe5 Bxe5 13. Qc2 e6 14. Rad1 exd5 15. exd5 Re8 16. Bf3 Qd6 17. g3 Bh3 18. Bg2 Bd7 19. c4 a6 20. Rb1 Rac8 21. Rfc1 Bf5 22. Qb3 Bxb1 23. Rxb1 b5 24. cxb5 c4 25. Qc2 axb5 26. Rxb5 c3 27. Rb6 Qd7 28. a4 Qf5 29. Be4 Qg4 30. Bg2 Bd4 31. Rb4 Rxe3 32. Rxd4 Re1+ 33. Bf1 Qxd4 0-1


[Site "https://www.chess.com"]

[Event "Titled Tuesday Blitz May 30 Late 2023"]
[White "Kourkoulos-Arditis, Stamatis"]
[Black "Shapiro, Daniel"]
[WhiteFideId "4221990"]
[BlackFideId "2001780"]
[WhiteElo "2400"]
[BlackElo "2355"]
[Result "1-0"]
[Round "03"]
[TimeControl "180+2"]
[Date "2023.05.31"]
[WhiteClock "0:02:34"]
[BlackClock "0:00:52"]

1. e4 e5 2. Nc3 Nf6 3. g3 d5 4. exd5 Nxd5 5. Bg2 Nb6 6. Nf3 Nc6 7. O-O Be7 8. Re1 f6 9. d4 Nxd4 10. Nxd4 Qxd4 11. Qxd4 exd4 12. Nb5 Rb8 13. Nxc7+ Kf7 14. Nd5 Re8 15. Bf4 Ra8 16. Nc7 Rd8 17. Nxa8 Nxa8 18. Rad1 Nb6 19. Bc7 Rd7 20. Bxb6 axb6 21. Bh3 Rc7 22. Bxc8 Rxc8 23. Rxd4 Rxc2 24. Rd7 1-0


[Site "https://www.chess.com"]

[Event "Titled Tuesday Blitz May 30 Late 2023"]
[White "Turayev, Shahruh"]
[Black "Gutkin, Ilya"]
[WhiteFideId "14003856"]
[BlackFideId "16203470"]
[WhiteElo "2185"]
[BlackElo "2265"]
[Result "1-0"]
[Round "03"]
[TimeControl "180+2"]
[Date "2023.05.31"]
[WhiteClock "0:01:42"]
[BlackClock "0:00:10"]

1. e4 e6 2. Nc3 d5 3. exd5 exd5 4. d4 Bb4 5. Bd3 Ne7 6. a3 Bxc3+ 7. bxc3 Bf5 8. Ne2 O-O 9. O-O Qd7 10. Ng3 Bg6 11. Bf4 Nbc6 12. Re1 Rfe8 13. Rb1 Na5 14. Qf3 c6 15. h4 Bxd3 16. cxd3 Ng6 17. h5 Nxf4 18. Qxf4 Rxe1+ 19. Rxe1 Re8 20. Rxe8+ Qxe8 21. Nf5 Qf8 22. Qc7 b6 23. Qxa7 g6 24. Ng3 Qxa3 25. Qxb6 Kg7 26. Qc7 Qxc3 27. Qe5+ Kh6 28. Qf4+ Kg7 29. h6+ Kf8 30. Qf6 Qc1+ 31. Nf1 Qxh6 32. Qd8+ Kg7 33. Qxa5 Qf4 34. Qc5 Qf6 35. Nd2 h5 36. Nf3 g5 37. Qc1 Kg6 38. Ne5+ Kh6 39. Qxc6 Qxc6 40. Nxc6 1-0


[Site "https://www.chess.com"]

[Event "Titled Tuesday Blitz May 30 Late 2023"]
[White "Saveliev, Alexei"]
[Black "Sailer, Mike"]
[WhiteFideId "24128546"]
[BlackFideId "2012901"]
[WhiteElo "2271"]
[BlackElo "2109"]
[Result "1-0"]
[Round "03"]
[TimeControl "180+2"]
[Date "2023.05.31"]
[WhiteClock "0:00:09"]
[BlackClock "0:00:13"]

1. c4 c6 2. Nc3 d5 3. cxd5 cxd5 4. d4 Nf6 5. Nf3 Nc6 6. Bg5 Ne4 7. Bh4 Nxc3 8. bxc3 Qa5 9. Qb3 e6 10. e3 Bd6 11. Bd3 O-O 12. O-O h6 13. e4 dxe4 14. Bxe4 Ne7 15. c4 Qb4 16. Qxb4 Bxb4 17. Rab1 Ba3 18. Rb3 g5 19. Bg3 f5 20. Bb1 f4 21. Rxa3 fxg3 22. hxg3 Nc6 23. Be4 Bd7 24. Re1 g4 25. Bxc6 Bxc6 26. Ne5 Rfd8 27. Rd3 h5 28. Ng6 Kf7 29. Nf4 b5 30. cxb5 Bxb5 31. Rb3 Bc4 32. Rb7+ Kf6 33. Nxh5+ Kg6 34. Nf4+ Kf6 35. a3 Rxd4 36. Nh5+ Kg6 37. Nf4+ Kf6 38. Rh7 e5 39. Ne2 Bxe2 40. Rxe2 Rd1+ 41. Kh2 Kg6 42. Rh4 Kg5 43. Rxe5+ Kf6 44. Re4 Rd3 45. Rf4+ Kg6 46. a4 Rb8 47. Rhxg4+ Kh5 48. Rh4+ Kg5 49. Rhg4+ Kh5 50. Rg7 Kh6 51. Rfg4 Rb2 52. R7g6+ Kh5 53. R4g5# 1-0


[Site "https://www.chess.com"]

[Event "Titled Tuesday Blitz May 30 Late 2023"]
[White "D`Arruda, Ricardo D."]
[Black "Sarana, Alexey"]
[WhiteFideId "100692"]
[BlackFideId "24133795"]
[WhiteElo "2512"]
[BlackElo "2714"]
[Result "0-1"]
[Round "03"]
[TimeControl "180+2"]
[Date "2023.05.31"]
[WhiteClock "0:00:01"]
[BlackClock "0:00:26"]

1. d4 Nf6 2. Nf3 d5 3. c4 e6 4. e3 b6 5. Nc3 Bb7 6. cxd5 exd5 7. Bd3 Bd6 8. O-O O-O 9. b3 Nbd7 10. Bb2 a6 11. Qc2 Re8 12. Rfe1 Ne4 13. Rac1 Qf6 14. Ne2 Qh6 15. Ng3 g6 16. Ne5 Ndf6 17. f3 Nxg3 18. hxg3 Rad8 19. Rcd1 Nh5 20. g4 Ng7 21. f4 Qh4 22. g5 Nh5 23. Qe2 Bxe5 24. fxe5 Qxg5 25. Qf3 f5 26. Rf1 Rd7 27. Bc1 Qh4 28. Qh3 Qxh3 29. gxh3 Ng7 30. Kg2 Ne6 31. Bd2 c5 32. Bc3 b5 33. b4 c4 34. Be2 Ng5 35. Bf3 Rf7 36. h4 Ne6 37. Kg3 Ref8 38. Rh1 Kg7 39. Rdf1 h6 40. Bd2 f4+ 41. exf4 Nxd4 42. Bd1 Nf5+ 43. Kh2 d4 44. Bf3 Bxf3 45. Rxf3 c3 46. Bc1 Rd7 47. Rd3 Kf7 48. Rhd1 Rc8 49. Kh3 Ke6 50. Kg4 Kd5 51. h5 Ke4 52. hxg6 Rg7 53. Re1+ Kxd3 54. Kxf5 Rf8+ 55. Ke6 Rxg6+ 56. Kd5 Rd8+ 57. Kc5 Kc2 58. e6 d3 59. e7 Re8 60. f5 Rf6 61. Be3 d2 62. Rf1 Rxe7 0-1


[Site "https://www.chess.com"]

[Event "Titled Tuesday Blitz May 30 Late 2023"]
[White "Dragomirescu, Robin-Alexandru"]
[Black "Bortnyk, Olexandr"]
[WhiteFideId "1213849"]
[BlackFideId "14120828"]
[WhiteElo "2356"]
[BlackElo "2734"]
[Result "0-1"]
[Round "03"]
[TimeControl "180+2"]
[Date "2023.05.31"]
[WhiteClock "0:00:13"]
[BlackClock "0:01:03"]

1. b3 d5 2. Bb2 Bf5 3. e3 e6 4. c4 c6 5. Nf3 Nf6 6. Nc3 Bd6 7. d4 Nbd7 8. Bd3 Bxd3 9. Qxd3 O-O 10. O-O Bb4 11. a3 Bxc3 12. Bxc3 Ne4 13. Bb4 Re8 14. a4 a5 15. Ba3 Qf6 16. Nd2 Qg6 17. Nxe4 dxe4 18. Qc2 e5 19. d5 f5 20. dxc6 bxc6 21. Rad1 Nf6 22. Rd6 f4 23. Kh1 Rad8 24. Rfd1 Rxd6 25. Rxd6 f3 26. gxf3 Qh5 27. Rxf6 gxf6 28. Qxe4 Rd8 29. Qxc6 Qh3 0-1


[Site "https://www.chess.com"]

[Event "Titled Tuesday Blitz May 30 Late 2023"]
[White "Kramnik, Vladimir"]
[Black "Senft, Sean"]
[WhiteFideId "4101588"]
[BlackFideId "2044960"]
[WhiteElo "2703"]
[BlackElo "1989"]
[Result "1-0"]
[Round "03"]
[TimeControl "180+2"]
[Date "2023.05.31"]
[WhiteClock "0:00:20"]
[BlackClock "0:00:08"]

1. e4 c5 2. Nf3 d6 3. d4 cxd4 4. Nxd4 Nf6 5. Nc3 a6 6. Bc4 e6 7. Be3 Be7 8. Bb3 O-O 9. g4 Nc6 10. g5 Ne8 11. h4 Nc7 12. f4 e5 13. Nxc6 bxc6 14. f5 Kh8 15. Qf3 Nb5 16. Nxb5 axb5 17. O-O-O Bb7 18. Rhg1 c5 19. Bxc5 Qc7 20. Bf2 Rfc8 21. f6 Bf8 22. fxg7+ Bxg7 23. Kb1 Rf8 24. h5 f5 25. h6 Bxe4 26. hxg7+ Qxg7 27. Qh5 Rad8 28. g6 f4 29. gxh7 Qxh7 30. Qe2 d5 31. Bc5 Rg8 32. Rxg8+ Rxg8 33. Bd6 Re8 34. Qxb5 f3 35. Qxe8+ 1-0


[Site "https://www.chess.com"]

[Event "Titled Tuesday Blitz May 30 Late 2023"]
[White "Baches Garcia, Guillermo"]
[Black "Demidov, Mikhail"]
[WhiteFideId "2209764"]
[BlackFideId "4197143"]
[WhiteElo "2509"]
[BlackElo "2500"]
[Result "0-1"]
[Round "03"]
[TimeControl "180+2"]
[Date "2023.05.31"]
[WhiteClock "0:00:03"]
[BlackClock "0:00:53"]

1. e4 g6 2. d4 Bg7 3. Be3 a6 4. Qd2 b5 5. f4 Bb7 6. e5 d6 7. Nf3 Nh6 8. Bd3 e6 9. Nc3 Nd7 10. Ne4 Qb8 11. Bf2 Bc6 12. O-O-O Qb7 13. Neg5 Ng4 14. Rhe1 Bd5 15. Bg1 Nb6 16. f5 gxf5 17. exd6 cxd6 18. Bxf5 Nf6 19. Kb1 O-O-O 20. Bd3 Kb8 21. Qe2 Na4 22. h3 Rc8 23. Bh2 Rcd8 24. Ne4 Nxe4 25. Bxe4 h6 26. Bd3 Ka7 27. Rf1 Rd7 28. c3 Rc8 29. Rc1 Nb6 30. Rf2 Nc4 31. Nd2 Nb6 32. Ne4 Rc6 33. Rcf1 f5 34. Ng3 Na4 35. Rc1 Rdc7 36. Nh5 Bxd4 0-1


[Site "https://www.chess.com"]

[Event "Titled Tuesday Blitz May 30 Late 2023"]
[White "Liu, Casper"]
[Black "Remizov, Yaroslav"]
[WhiteFideId "1454153"]
[BlackFideId "34134015"]
[WhiteElo "2221"]
[BlackElo "2400"]
[Result "0-1"]
[Round "03"]
[TimeControl "180+2"]
[Date "2023.05.31"]
[WhiteClock "0:00:57"]
[BlackClock "0:00:22"]

1. e4 c5 2. d4 cxd4 3. c3 Nf6 4. Bd3 Nc6 5. Nf3 dxc3 6. Nxc3 d6 7. O-O Bg4 8. Bg5 e6 9. Rc1 Be7 10. h3 Bxf3 11. Qxf3 O-O 12. Bb1 Nd7 13. Bxe7 Qxe7 14. Rfd1 Rfd8 15. Qg3 Nf6 16. h4 a6 17. Ne2 Rac8 18. Nf4 e5 19. Nd5 Nxd5 20. exd5 Nd4 21. Qg4 Rxc1 22. Rxc1 g6 23. h5 f5 24. Qd1 Qd7 25. hxg6 hxg6 26. Qd2 Kg7 27. Rc3 Kf6 28. Bd3 Rh8 29. f4 Qh7 30. fxe5+ dxe5 31. d6 Qh1+ 32. Kf2 Qh4+ 33. Kg1 Rd8 34. Rc7 Rxd6 35. Qb4 Nf3+ 0-1


[Site "https://www.chess.com"]

[Event "Titled Tuesday Blitz May 30 Late 2023"]
[White "Toncheva, Nadya"]
[Black "Hansen, Eric"]
[WhiteFideId "2924056"]
[BlackFideId "2606771"]
[WhiteElo "2101"]
[BlackElo "2561"]
[Result "0-1"]
[Round "03"]
[TimeControl "180+2"]
[Date "2023.05.31"]
[WhiteClock "0:00:02"]
[BlackClock "0:00:34"]

1. e4 c6 2. d4 d5 3. Nc3 dxe4 4. Nxe4 Nd7 5. Nf3 Ngf6 6. Bd3 e6 7. O-O Nxe4 8. Bxe4 Qc7 9. c3 Nf6 10. Bc2 h6 11. Re1 Bd6 12. Ne5 b6 13. Bf4 Bb7 14. Qd2 O-O-O 15. a4 Nh5 16. g3 g5 17. Qe2 Nxf4 18. gxf4 gxf4 19. f3 Rhg8+ 20. Kh1 Rg5 21. a5 Bxe5 22. dxe5 Rdg8 23. axb6 axb6 24. Rg1 Rxg1+ 25. Rxg1 Rxg1+ 26. Kxg1 Qe7 27. b4 Kc7 28. Qe4 Qg5+ 29. Kh1 c5 30. Qe2 Bc6 31. bxc5 bxc5 32. Bd1 Qh5 33. Kg2 Qg4+ 34. Kf2 Qh3 35. Kg1 Qf5 36. Kf2 Qb1 37. Kg2 Qc1 38. Bc2 Kb6 39. Kf2 Bb5 40. Bd3 Bc6 41. Be4 Qxc3 42. Bxc6 Qe3+ 43. Qxe3 fxe3+ 44. Kxe3 Kxc6 0-1


[Site "https://www.chess.com"]

[Event "Titled Tuesday Blitz May 30 Late 2023"]
[White "Mahdavi, Reza"]
[Black "Janaszak, Dawid"]
[WhiteFideId "12595926"]
[BlackFideId "1119206"]
[WhiteElo "2352"]
[BlackElo "2220"]
[Result "0-1"]
[Round "03"]
[TimeControl "180+2"]
[Date "2023.05.31"]
[WhiteClock "0:00:43"]
[BlackClock "0:00:03"]

1. e4 c5 2. Nf3 Nc6 3. Bb5 e5 4. O-O Nge7 5. c3 g6 6. d4 cxd4 7. cxd4 exd4 8. Bf4 Bg7 9. Bd6 O-O 10. Na3 a6 11. Ba4 b5 12. Bb3 Bb7 13. Qd2 Na5 14. Bxe7 Nxb3 15. Qb4 a5 16. Qd6 Ra6 17. Bxd8 Rxd6 18. Be7 Nxa1 19. Bxd6 Rc8 20. Rxa1 Bxe4 21. Nd2 Bc6 22. Rc1 Re8 23. Kf1 d3 24. Re1 Bxg2+ 25. Kxg2 Rxe1 26. Nxb5 Bxb2 27. Bf4 Ra1 28. a3 Bxa3 29. Nb3 Ra2 30. Be3 a4 31. Nd2 Bb4 32. Ne4 d2 33. Nbc3 Bxc3 34. Nxc3 Rc2 35. Bxd2 Rxd2 36. Nxa4 Rc2 37. Nb6 d6 38. Nd5 Kg7 39. Kf3 Rd2 40. Ne3 Rd3 41. Ke4 Ra3 42. Nd5 Ra2 43. Kf3 f5 44. Nc7 Kf6 45. Ne8+ Ke5 46. Nc7 d5 47. Ke3 d4+ 48. Kf3 f4 49. Ne8 d3 50. Nc7 Rc2 51. Nb5 d2 52. Ke2 f3+ 53. Kd1 Rb2 54. Na3 Kf4 55. Nc4 Ra2 56. Ne3 h5 57. h3 g5 58. Nd5+ Ke5 59. Nb4 Ra1+ 60. Kxd2 Rh1 61. Ke3 Rxh3 62. Nc6+ Kd6 63. Nd4 g4 64. Kf4 Rh2 65. Ke3 Rg2 66. Nf5+ Ke5 67. Nh4 Kf6 68. Kf4 Rxf2 69. Nf5 Ra2 70. Ng3 Ra4+ 71. Ke3 Kg5 72. Kf2 Ra2+ 73. Ke3 h4 74. Ne4+ Kg6 75. Kf4 f2 76. Kxg4 f1=Q 77. Ng5 Rg2+ 78. Kh3 Qh1# 0-1


[Site "https://www.chess.com"]

[Event "Titled Tuesday Blitz May 30 Late 2023"]
[White "Bryakin, Mikhail"]
[Black "Ljukin, Sergei"]
[WhiteFideId "4165314"]
[BlackFideId "14102200"]
[WhiteElo "2467"]
[BlackElo "2312"]
[Result "1-0"]
[Round "03"]
[TimeControl "180+2"]
[Date "2023.05.31"]
[WhiteClock "0:01:38"]
[BlackClock "0:00:01"]

1. e4 e6 2. d4 d5 3. Nc3 Bb4 4. e5 Ne7 5. a3 Bxc3+ 6. bxc3 c5 7. Bd3 c4 8. Be2 Bd7 9. h4 Ba4 10. Bd2 Nbc6 11. Nf3 h6 12. h5 Kd7 13. g4 Qg8 14. Ra2 f6 15. Bf4 Rf8 16. Qd2 Qf7 17. Bg3 f5 18. g5 Qe8 19. Bf4 hxg5 20. Nxg5 Ng8 21. Bf3 Nh6 22. Ke2 Nf7 23. Rg1 Nxg5 24. Rxg5 Qe7 25. Ra1 Rf7 26. Rg6 Nd8 27. Rag1 Rh7 28. Qc1 Qf8 29. Bg5 Bc6 30. a4 Qe8 31. a5 1-0


[Site "https://www.chess.com"]

[Event "Titled Tuesday Blitz May 30 Late 2023"]
[White "Mekhitarian, Krikor Sevag"]
[Black "Jovic, Stanoje"]
[WhiteFideId "2107660"]
[BlackFideId "905020"]
[WhiteElo "2604"]
[BlackElo "2236"]
[Result "1-0"]
[Round "03"]
[TimeControl "180+2"]
[Date "2023.05.31"]
[WhiteClock "0:00:20"]
[BlackClock "0:00:06"]

1. Nf3 Nf6 2. c4 c5 3. Nc3 Nc6 4. d4 cxd4 5. Nxd4 g6 6. e4 Bg7 7. Be3 O-O 8. Be2 d6 9. O-O Be6 10. Nxe6 fxe6 11. f4 Rc8 12. Rc1 Qa5 13. a3 a6 14. Qb3 Qc7 15. c5 d5 16. exd5 exd5 17. Nxd5 Nxd5 18. Qxd5+ Kh8 19. b4 Rcd8 20. Qe4 Bd4 21. Rcd1 Bxe3+ 22. Qxe3 Rxd1 23. Bxd1 e5 24. fxe5 Rxf1+ 25. Kxf1 Nxe5 26. Be2 Kg7 27. Kg1 h6 28. Qd4 g5 29. h4 Kf6 30. h5 Qe7 31. a4 Qe6 32. b5 axb5 33. axb5 Ke7 34. Qe4 Nd7 35. Qxe6+ Kxe6 36. Bg4+ Ke7 37. c6 bxc6 38. bxc6 Nb6 39. c7 Kd6 40. c8=Q Nxc8 41. Bxc8 Ke5 42. Kf2 Kf4 43. g4 Ke5 44. Ke3 Kf6 45. Ke4 Kg7 46. Kf5 Kh7 47. Kf6 Kh8 48. Kg6 1-0


[Site "https://www.chess.com"]

[Event "Titled Tuesday Blitz May 30 Late 2023"]
[White "Simonian, Hrair"]
[Black "Balla, Tamas-Kristof"]
[WhiteFideId "13302337"]
[BlackFideId "1208497"]
[WhiteElo "2447"]
[BlackElo "2334"]
[Result "1-0"]
[Round "03"]
[TimeControl "180+2"]
[Date "2023.05.31"]
[WhiteClock "0:02:54"]
[BlackClock "0:02:04"]

1. e4 c5 2. Nc3 Nc6 3. Bb5 Nd4 4. Bc4 e6 5. Nge2 a6 6. Nxd4 cxd4 7. Ne2 Bc5 8. O-O Ne7 9. Bb3 O-O 10. d3 b5 11. Ng3 Bb7 12. Qh5 Ng6 13. Qxc5 1-0


[Site "https://www.chess.com"]

[Event "Titled Tuesday Blitz May 30 Late 2023"]
[White "Pulpan, Jakub"]
[Black "Karas, Marek"]
[WhiteFideId "302759"]
[BlackFideId "14928558"]
[WhiteElo "2484"]
[BlackElo "2233"]
[Result "1-0"]
[Round "03"]
[TimeControl "180+2"]
[Date "2023.05.31"]
[WhiteClock "0:00:02"]
[BlackClock "0:00:04"]

1. g3 e5 2. Bg2 Nf6 3. e4 Bc5 4. Ne2 Nc6 5. c3 Bb6 6. d4 d6 7. h3 O-O 8. d5 Ne7 9. c4 c6 10. Nbc3 Ba5 11. O-O Bxc3 12. Nxc3 cxd5 13. exd5 Ng6 14. Be3 a6 15. b4 b6 16. c5 bxc5 17. bxc5 dxc5 18. Bxc5 Re8 19. Na4 Bd7 20. Nb6 Rb8 21. Rb1 Bb5 22. Re1 Nd7 23. Nxd7 Qxd7 24. Qd2 h6 25. Be3 Rbd8 26. Bb6 Rb8 27. Ba5 Rbc8 28. Rec1 Ne7 29. Re1 Nf5 30. Bc3 f6 31. h4 Nd6 32. Bb4 Red8 33. Bxd6 Qxd6 34. Rec1 Rxc1+ 35. Rxc1 Kf8 36. Qc2 Kg8 37. Qg6 Be8 38. Qf5 Bd7 39. Qd3 Rc8 40. Rd1 Bb5 41. Qf5 Bd7 42. Qb1 Rb8 43. Qc2 Rc8 44. Qd2 Rd8 45. Be4 f5 46. Bc2 e4 47. Bb3 Be8 48. Rc1 Bf7 49. Qa5 1-0


[Site "https://www.chess.com"]